 Dungeon Crawl Stone Soup version 0.25-a0-340-ga1faa1601d (webtiles) character file.

Game seed: 5889372907456987920, levelgen mode: deterministic

1616 sankara the Spear-Bearer (level 8, -3/56 HPs)
             Began as a Merfolk Gladiator on Dec 29, 2019.
             Was an Initiate of Yredelemnul.
             Slain by an ogre
             ... wielding a +0 giant club
              (17 damage)
             ... on level 7 of the Dungeon.
             The game lasted 00:19:53 (7106 turns).

sankara the Spear-Bearer (Merfolk Gladiator)        Turns: 7106, Time: 00:19:54

Health: -3/56      AC: 10    Str: 16    XL:     8   Next: 96%
Magic:  8/8        EV:  8    Int:  8    God:    Yredelemnul [......]
Gold:   278        SH:  0    Dex: 15    Spells: 7/7 levels left

rFire    + . .     SeeInvis .   a - +0 trident
rCold    . . .     Gourm    .   (no shield)
rNeg     . . .     Faith    .   r - +0 chain mail
rPois    .         Spirit   .   c - +0 helmet
rElec    .         Reflect  .   (no cloak)
rCorr    .         Harm     .   (no gloves)
MR       .....                  (no boots)
Stlth    ..........             (no amulet)
HPRegen  0.18/turn              u - ring of protection from fire {rF+, !d}
MPRegen  0.11/turn              B - ring of stealth {Stlth+}

@: drained
A: change form in water, swift swim, stealthy swim
a: Renounce Religion


You were on level 7 of the Dungeon.
You worshipped Yredelemnul.
Yredelemnul was noncommittal.
You were very hungry.

You visited 2 branches of the dungeon, and saw 8 of its levels.

You collected 278 gold pieces.

Inventory:

Hand Weapons
 a - a +0 trident (weapon)
 v - a +1 rapier of speed
   (You took it off Eustachio on level 4 of the Dungeon)
 x - a cursed +4 spear of freezing
   (You took it off a wight on level 6 of the Dungeon)
 y - a +0 fustibalus
   (You found it on level 5 of the Dungeon)
 A - a +5 long sword
   (You took it off a wight on level 6 of the Dungeon)
 D - a +0 halberd
   (You took it off a gnoll on level 6 of the Dungeon)
Missiles
 d - 3 throwing nets {=f, !d}
Armour
 c - a +0 helmet (worn)
 r - a +0 chain mail (worn)
   (You found it on level 4 of the Dungeon)
Jewellery
 u - a ring of protection from fire (left hand) {rF+, !d}
   (You found it on level 4 of the Dungeon)
 B - a ring of stealth (right hand) {Stlth+}
   (You found it on level 6 of the Dungeon)
Scrolls
 b - 3 scrolls of teleportation {unknown}
 e - 2 scrolls of enchant armour {unknown}
 g - 3 scrolls of remove curse {unknown}
 i - a scroll of amnesia {unknown}
 j - a scroll of fog {unknown}
 k - 2 scrolls of magic mapping {unknown}
 m - 8 scrolls of identify {unknown}
 t - a scroll of enchant weapon {unknown}
 w - 2 scrolls of fear {unknown}
 C - a scroll of torment {unknown}
Potions
 h - 3 potions of curing
 l - 5 potions of flight {unknown}
 n - a potion of brilliance {unknown}
 o - 2 potions of degeneration {unknown}
 p - 3 potions of agility {unknown}
 q - a potion of haste
 s - a potion of lignification {unknown}
 z - a potion of mutation {unknown}
 E - a potion of resistance {unknown}
Comestibles
 f - 9 rations


   Skills:
 - Level 2.1(1.3) Fighting
 * Level 13.3(12.2) Polearms
 - Level 2.0(1.1) Throwing
 + Level 4.2(3.4) Armour
 - Level 4.0(3.1) Dodging


You had 7 spell levels left.
You didn't know any spells.
Your spell library contained the following spells:

 Spells                   Type           Power        Failure   Level  Hunger
 Animate Skeleton         Necr           N/A          100%        1    ##.....
 Beastly Appendage        Tmut           #.....       100%        1    ##.....
 Pain                     Necr           #...         100%        1    ##.....
 Sticks to Snakes         Tmut           #.......     100%        2    ###....
 Regeneration             Chrm/Necr      #.........   100%        3    ####...
 Spider Form              Tmut/Pois      #.........   100%        3    ####...
 Vampiric Draining        Necr           #.........   100%        3    ####...
 Animate Dead             Necr           N/A          100%        4    #####..
 Ice Form                 Ice/Tmut       #.......     100%        4    #####..
 Blade Hands              Tmut           #.........   100%        5    ######.


Dungeon Overview and Level Annotations

Branches:
Dungeon (7/15)             Temple (1/1) D:5

Altars:
Ashenzari
Cheibriados
Dithmenos
Fedhas
Gozag
Kikubaaqudgha
Makhleb
Nemelex Xobeh
Okawaru
Qazlal
Sif Muna
Trog
Uskayaw
Vehumet
Wu Jian
Xom
Yredelemnul
Zin
The Shining One

Shops:
D:6 *


Message History

Press: ? - help, Dir - move target cursor, f - you
Okay, then.
Things that are here:
a cursed +5 hand axe of freezing; a +0 robe
There is a stone staircase leading down here.
Items here: )) [[ a cursed +4 spear of freezing; a +0 robe; a +1 hand axe; a +0 robe
x - a cursed +4 spear of freezing
Things that are here:
a cursed +5 hand axe of freezing; a +0 robe
There is a stone staircase leading up here.
You start resting.
You are feeling hungry.
You start resting.
HP restored.
Things that are here:
a cursed +5 hand axe of freezing; a +0 robe
There is a stone staircase leading down here.
Things that are here:
a +0 robe; a +1 hand axe; a +0 robe You see here a ring mail.
You now have 278 gold pieces (gained 11).
There is a stone staircase leading up here.
Things that are here:
a +0 halberd; a +0 club Your legs become a tail as you enter the water.
Your legs become a tail as you enter the water.
Done exploring.
Done exploring.
(D) Dungeon (T) Temple
Where to? (Enter - D:6, ? - help)
You see here a helmet.
You are feeling very hungry.
(D) Dungeon (T) Temple
Where to? (Enter - D:7, ? - help)
Things that are here:
a +0 scimitar; a +0 robe
Things that are here:
a +3 falchion of freezing; a +0 robe x2
There is a stone staircase leading down here.
You climb downwards.
There is a stone staircase leading up here.
You see here 11 arrows.
An ogre comes into view. It is wielding a +0 giant club.
The ogre shouts!
The ogre barely misses you.
You puncture the ogre!
The ogre is heavily wounded.
You puncture the ogre!
The ogre is severely wounded.
The ogre barely misses you.
You hit the ogre.
The ogre is almost dead.
Your chain mail prevents you from hitting the ogre.
The ogre is almost dead.
The ogre hits you with a +0 giant club!!
You are too injured to fight recklessly!
You are too injured to fight recklessly!
You are too injured to fight recklessly!
You are too injured to fight recklessly!
Firing (i - inventory. (/) - cycle) Nothing suitable (ignored '=f'-inscribed item on 'd').
Press: ? - help, Shift-Dir - straight line, f - ogre
Aim: an ogre, wielding a +0 giant club (almost dead)
Okay, then.
Attack whom?
Press: ? - help, Dir - move target cursor, f/p - ogre
Aim: an ogre, wielding a +0 giant club (almost dead)
You hit the ogre but do no damage.
The ogre is almost dead.
Attack whom?
Press: ? - help, Dir - move target cursor, f/p - ogre
Aim: an ogre, wielding a +0 giant club (almost dead)
You hit the ogre.
The ogre is almost dead.
The ogre hits you with a +0 giant club!!
* * * LOW HITPOINT WARNING * * *
Attack whom?
Press: ? - help, Dir - move target cursor, f/p - ogre
Aim: an ogre, wielding a +0 giant club (almost dead)
You barely miss the ogre.
The ogre is almost dead.
Attack whom?
Press: ? - help, Dir - move target cursor, f/p - ogre
Aim: an ogre, wielding a +0 giant club (almost dead)
Your chain mail prevents you from hitting the ogre.
The ogre is almost dead.
The ogre hits you but does no damage.
Attack whom?
Press: ? - help, Dir - move target cursor, f/p - ogre
Aim: an ogre, wielding a +0 giant club (almost dead)
You hit the ogre.
The ogre is almost dead.
Attack whom?
Press: ? - help, Dir - move target cursor, f/p - ogre
Aim: an ogre, wielding a +0 giant club (almost dead)
Your chain mail prevents you from hitting the ogre.
The ogre is almost dead.
The ogre hits you with a +0 giant club!
You die...
Your body rises from the dead as a mindless zombie.

....# #......#
......#
......# .....#
#..#.#
#########..#!#
......O@.....#
#########..###
####..##
#......#
#.####.# # #.#
#.# #.# ##.
#.#


You could see an ogre.

Vanquished Creatures
  Grinder (D:4)
  Eustachio (D:4)
  A sky beast (D:5)
  3 ogres (D:6)
  A centaur (D:5)
  2 bullfrogs (D:6)
  Blork the orc (D:4)
  6 wights (D:6)
  2 howler monkeys (D:4)
  A crimson imp (D:5)
  A centaur zombie (D:5)
  An iguana (D:3)
  2 worker ants
  Robin (D:3)
  3 gnolls (D:6)
  7 adders
  An adder skeleton (D:4)
  A worm (D:3)
  3 dart slugs
  A leopard gecko (D:3)
  5 orcs
  7 bats
  4 giant cockroaches
  12 goblins
  11 hobgoblins
  3 jackals (D:6)
  7 frilled lizards
  11 kobolds
  A quokka zombie (D:5)
  3 rats
104 creatures vanquished.

Notes
Turn   | Place    | Note
-------+----------+-------------------------------------------
     0 | D:1      | sankara the Merfolk Gladiator began the quest for the Orb.
     0 | D:1      | Reached XP level 1. HP: 16/16 MP: 1/1
   196 | D:1      | Reached skill level 5 in Polearms
   196 | D:1      | Reached XP level 2. HP: 20/22 MP: 2/2
   889 | D:2      | Reached skill level 6 in Polearms
   889 | D:2      | Reached XP level 3. HP: 22/27 MP: 3/3
   893 | D:2      | Found a hide-covered altar of Uskayaw.
  1527 | D:3      | Reached XP level 4. HP: 27/33 MP: 4/4
  1531 | D:3      | Reached skill level 7 in Polearms
  1692 | D:3      | HP: 8/33 [dart slug/slug dart (4)]
  1699 | D:3      | HP: 7/33 [poisoned by an adder]
  1706 | D:2      | HP: 5/33 [poisoned by an adder]
  2162 | D:3      | Noticed Robin
  2212 | D:3      | HP: 8/33 [goblin[Robin] (1)]
  2236 | D:3      | HP: 8/33 [goblin[Robin] (3)]
  2245 | D:2      | HP: 7/33 [hobgoblin/+0 club (2)]
  2646 | D:3      | Killed Robin
  2691 | D:3      | Reached XP level 5. HP: 38/38 MP: 5/5
  2839 | D:3      | Reached skill level 8 in Polearms
  3150 | D:4      | Reached skill level 1 in Armour
  3150 | D:4      | HP: 9/38 [poisoned by a worker ant]
  3365 | D:4      | Noticed Blork the orc
  3397 | D:4      | Killed Blork the orc
  3397 | D:4      | Reached XP level 6. HP: 29/44 MP: 6/6
  3523 | D:4      | Reached skill level 9 in Polearms
  3702 | D:4      | Noticed Eustachio
  3732 | D:4      | Killed Eustachio
  3732 | D:4      | Reached skill level 10 in Polearms
  3732 | D:4      | Reached skill level 2 in Armour
  3732 | D:4      | Reached XP level 7. HP: 46/50 MP: 7/7
  3825 | D:4      | Noticed Grinder
  3839 | D:4      | Killed Grinder
  4051 | D:4      | Found an iron altar of Okawaru.
  4137 | D:5      | Entered Level 5 of the Dungeon
  4434 | D:5      | Reached skill level 11 in Polearms
  4500 | D:5      | Found a stormy altar of Qazlal.
  4690 | D:5      | Reached skill level 3 in Armour
  4810 | D:5      | Reached XP level 8. HP: 21/56 MP: 8/8
  5035 | D:5      | Found a staircase to the Ecumenical Temple.
  5041 | Temple   | Entered the Ecumenical Temple
  5051 | Temple   | Became a worshipper of Yredelemnul the Dark
  5767 | D:6      | HP: 14/56 [ogre/+0 giant spiked club (13)]
  5768 | D:6      | Reached skill level 12 in Polearms
  6332 | D:6      | Found an opulent altar of Gozag.
  6334 | D:6      | Found Gozag's Platinum Reserve.
  6608 | D:6      | Reached skill level 4 in Armour
  6624 | D:6      | Reached skill level 13 in Polearms
  6667 | D:6      | HP: 13/56 [wight/cursed +4 spear of freezing (3)]
  6676 | D:6      | HP: 11/56 [wight/cursed +4 spear of freezing (1)]
  7102 | D:7      | HP: 13/56 [ogre/+0 giant club (18)]
  7106 | D:7      | Slain by an ogre

Levels and vault maps discovered:
D:1:      zaba_arrival_water, layout_basic, minivault_14,
          kennysheep_small_spiral
D:2:      layout_loops_ring, lemuel_crystal_altar, roderic_lattice_a,
          nicolae_underground_beach
D:3:      layout_basic, uniq_robin
D:4:      layout_basic, lemuel_coloured_pillars_altar, uniq_eustachio,
          uniq_grinder, uniq_blork_the_orc
D:5:      layout_loops_corners, minmay_temple_entry_fiery, first_ration,
          grunt_qazlal_sundering
D:6:      layout_loops_ring, nicolae_gozag_zags_fifth_avenue
D:7:      layout_loops_ring, kennysheep_pointless_box, grunt_livestock
Temple:   nicolae_temple_elliptical

Skill      XL: |  1  2  3  4  5  6  7  8 |
---------------+-------------------------+-----
Polearms       | 5 6 7 8 10 11 13 | 13.3
Armour         | 1 2 3 4 |  4.2
Fighting       | |  2.1
Throwing       | |  2.0
Dodging        | |  4.0

Action                   |  1- 3 |  4- 6 |  7- 9 || total
-------------------------+-------+-------+-------++-------
Melee: Trident           |    77 |   195 |   240 ||   512
  Use: Potion            |       |     2 |     1 ||     3
 Stab: Sleeping          |     1 |       |       ||     1
  Eat: Chunk             |     2 |     7 |     6 ||    15
       Ration            |       |       |     1 ||     1
Armor: Leather armour    |    14 |     4 |       ||    18
       Plate armour      |       |    77 |       ||    77
       Chain mail        |       |    29 |    67 ||    96
Dodge: Dodged            |    39 |    64 |    48 ||   151

Table legend:
 A = Non-vault XP
 B = Vault XP
 C = Vault XP percentage of total XP
 D = Non-vault monster count
 E = Vault monster count
 F = Vault count percentage of total count
                 A         B        C        D         E       F
            +---------+---------+-------+---------+---------+-------
      Total |    1711 |     598 |  25.9 |      88 |      16 |  15.4
            +---------+---------+-------+---------+---------+-------
        D:1 |      26 |       0 |   0.0 |      14 |       0 |   0.0
        D:2 |      43 |       6 |  12.2 |      13 |       3 |  18.8
        D:3 |     104 |      30 |  22.4 |      22 |      10 |  31.2
        D:4 |     151 |     562 |  78.8 |       8 |       3 |  27.3
        D:5 |     370 |       0 |   0.0 |      10 |       0 |   0.0
        D:6 |    1017 |       0 |   0.0 |      21 |       0 |   0.0
            +---------+---------+-------+---------+---------+-------

Levels and vault maps discovered:
D:1:      zaba_arrival_water, layout_basic, minivault_14,
          kennysheep_small_spiral
D:2:      layout_loops_ring, lemuel_crystal_altar, roderic_lattice_a,
          nicolae_underground_beach
D:3:      layout_basic, uniq_robin
D:4:      layout_basic, lemuel_coloured_pillars_altar, uniq_eustachio,
          uniq_grinder, uniq_blork_the_orc
D:5:      layout_loops_corners, minmay_temple_entry_fiery, first_ration,
          grunt_qazlal_sundering
D:6:      layout_loops_ring, nicolae_gozag_zags_fifth_avenue
D:7:      layout_loops_ring, kennysheep_pointless_box, grunt_livestock
Temple:   nicolae_temple_elliptical

Table legend:
 A = Turns spent in this place as a percentage of turns spent in the entire game.
 B = Non-inter-level travel turns spent in this place as a percentage of non-inter-level travel turns spent in the entire game.
 C = Inter-level travel turns spent in this place as a percentage of turns spent in this place.
 D = Turns resting spent in this place as a percentage of non-inter-level travel turns spent in this place.
 E = Turns spent auto-exploring this place as a percentage of non-inter-level travel turns spent in this place.
 F = Non-inter-level travel turns spent in this place divided by the number of levels of this place that you've seen.
                   A       B       C       D       E      F
               +-------+-------+-------+-------+-------+----------------------
         Total | 100.0 | 100.0 |   2.2 |  32.5 |  52.4 | 868.6
       Dungeon |  97.8 |  97.9 |   2.1 |  33.2 |  51.5 | 972.0
        Temple |   2.2 |   2.1 |   7.1 |   0.0 |  95.2 | 145.0
               +-------+-------+-------+-------+-------+----------------------

Table legend:
 A = Kills in this place as a percentage of kills in entire the game.
 B = Kills by you in this place as a percentage of kills by you in the entire game.
 C = Kills by friends in this place as a percentage of kills by friends in the entire game.
 D = Other kills in this place as a percentage of other kills in the entire game.
 E = Experience gained in this place as a percentage of experience gained in the entire game.
 F = Experience gained in this place divided by the number of levels of this place that you have seen.
                   A       B       C       D       E      F
               +-------+-------+-------+-------+-------+----------------------
         Total | 100.0 | 100.0 |   N/A |   N/A | 100.0 | 288.6
       Dungeon | 100.0 | 100.0 |   N/A |   N/A | 100.0 | 329.9
               +-------+-------+-------+-------+-------+----------------------
